Map: [ESL] Hard Lead

Players

trigger - Winner!

  • Race: Protoss Protoss
  • Spawn Location: 5:00

Nina

  • Race: Protoss Protoss
  • Spawn Location: 11:00

Event: ESL SC2 Masters 2023 Winter (Regional)

VOD

Have the link to the VOD?

Description

Time

  • Played on: Nov. 2, 2023, 1:46 p.m.
  • Length: 9:47

All games in this series

Show
View Real Time Build Order
Export as new Build Order

trigger Protoss - Winner!

Build Orders: Phoenix Opening 

Get SALT Encoding   

  12  0:00  Probe  
  13  0:12  Probe  
  14  0:16  Pylon  
  14  0:24  Probe (Chrono Boost)  
  15  0:36  Probe (Chrono Boost)  
  15  0:37  Gateway  
  16  0:44  Probe (Chrono Boost)  
  16  0:46  Assimilator  
  17  0:51  Probe  
  17  0:54  Assimilator  
  18  1:03  Probe (Chrono Boost)  
  19  1:09  Gateway  
  20  1:12  Probe (Chrono Boost)  
  20  1:17  Probe (Chrono Boost)  
  20  1:24  Cybernetics Core  
  21  1:29  Probe  
  22  1:33  Pylon  
  22  1:41  Probe  
  23  1:53  Probe  
  24  2:00  Stalker  
  24  2:01  Warp Gate, Stalker  
  28  2:05  Probe  
  29  2:12  Pylon  
  29  2:16  Pylon  
  29  2:21  Probe  
  30  2:30  Sentry  
  30  2:36  Stalker  
  34  2:50  Nexus  
  34  2:56  Stalker  
  36  3:05  Shield Battery, Phoenix  
  36  3:12  Probe  
  37  3:19  Twilight Council  
  37  3:25  Probe  
  38  3:27  Pylon  
  38  3:38  Probe  
  39  3:50  Stalker x2  
  39  3:51  Probe  
  44  4:00  Blink (Chrono Boost)  
  44  4:02  Probe (Chrono Boost)  
  44  4:04  Probe (Chrono Boost)  
  45  4:12  Probe (Chrono Boost)  
  45  4:13  Stalker  
  45  4:14  Probe (Chrono Boost)  
  45  4:15  Stalker  
  51  4:17  Probe (Chrono Boost)  
  51  4:24  Probe (Chrono Boost)  
  53  4:29  Probe (Chrono Boost)  
  54  4:31  Pylon  
  54  4:37  Probe (Chrono Boost)  
  54  4:38  Probe (Chrono Boost), Stalker  
  58  4:43  Stalker, Probe, Phoenix  
  62  4:45  Probe  
  62  4:55  Probe  
  62  4:59  Probe  
  63  5:02  Assimilator  
  63  5:04  Robotics Facility  
  63  5:12  Stalker x2  
  67  5:16  Pylon  
  67  5:22  Nexus  
  67  5:27  Probe x2  
  69  5:35  Stalker x2  
  73  5:39  Probe  
  73  5:42  Pylon  
  74  5:43  Probe  
  74  5:44  Shield Battery  
  75  5:52  Observer, Probe  
  77  5:58  Gateway x2  
  77  6:01  Probe (Chrono Boost)  
  77  6:08  Probe (Chrono Boost)  
  75  6:13  Phoenix  
  75  6:18  Stalker x2, Probe x2 (Chrono Boost)  
  75  6:20  Observer  
  75  6:21  Charge (Chrono Boost)  
  75  6:23  Probe (Chrono Boost)  
  75  6:24  Probe (Chrono Boost)  
  80  6:30  Forge  
  80  6:34  Probe (Chrono Boost)  
  80  6:36  Probe (Chrono Boost)  
  80  6:37  Probe (Chrono Boost)  
  83  6:46  Immortal, Probe (Chrono Boost)  
  90  6:48  Probe (Chrono Boost)  
  90  6:51  Probe (Chrono Boost)  
  90  6:52  Probe (Chrono Boost)  
  90  6:53  Probe (Chrono Boost), Pylon  
  92  6:59  Probe  
  92  7:00  Probe  
  94  7:01  Gateway x2  
  94  7:02  Protoss Ground Weapons Level 1 (Chrono Boost), Probe  
  94  7:03  Stalker  
  94  7:04  Stalker  
  99  7:09  Stalker  
  99  7:14  Stalker  
  103  7:23  Photon Cannon, Warp Prism  
  103  7:29  Pylon  
  105  7:34  Nexus  
  105  7:36  Probe  
  106  7:38  Probe  
  106  7:40  Probe  
  108  7:48  Pylon, Probe  
  109  7:51  Shield Battery  
  109  7:55  Gateway  
  109  7:56  Gateway  
  109  8:00  Photon Cannon  
  109  8:01  Stalker x4  
  117  8:07  Stalker x2  
  117  8:10  Observer  
  121  8:17  Gateway  
  121  8:19  Probe x2  
  123  8:25  Probe  
  124  8:35  Pylon  
  124  8:38  Pylon  
  124  8:39  Pylon  
  121  8:44  Probe (Chrono Boost)  
  120  8:51  Probe (Chrono Boost)  
  120  8:52  Probe (Chrono Boost)  
  120  8:55  Stalker x8  
  140  8:56  Probe (Chrono Boost)  
  140  8:57  Probe (Chrono Boost)  
  140  9:01  Probe x2 (Chrono Boost)  
  142  9:03  Pylon  
  142  9:04  Pylon  
  142  9:08  Immortal  
  146  9:11  Assimilator  
  146  9:16  Assimilator  
  146  9:19  Zealot x5  
  156  9:26  Stalker x3  
  156  9:30  Zealot  
  152  9:41  Stalker x4  
Show
View Real Time Build Order
Export as new Build Order

Nina Protoss 

Build Orders: Oracle Opening 

Get SALT Encoding   

  12  0:00  Probe  
  13  0:12  Probe  
  14  0:17  Pylon  
  14  0:24  Probe (Chrono Boost)  
  15  0:36  Probe (Chrono Boost)  
  15  0:37  Gateway  
  16  0:44  Probe (Chrono Boost)  
  16  0:48  Assimilator  
  17  0:51  Probe  
  17  0:55  Assimilator  
  18  1:03  Probe (Chrono Boost)  
  19  1:10  Gateway  
  19  1:13  Probe (Chrono Boost)  
  20  1:19  Probe  
  20  1:24  Cybernetics Core  
  21  1:31  Probe  
  22  1:37  Pylon  
  22  1:43  Probe  
  23  1:55  Probe  
  24  2:01  Adept x2  
  24  2:06  Stargate  
  28  2:14  Warp Gate  
  28  2:20  Probe  
  29  2:24  Pylon  
  29  2:35  Stalker  
  31  2:42  Stalker  
  33  2:57  Oracle (Chrono Boost)  
  36  3:08  Shield Battery  
  36  3:16  Nexus  
  36  3:28  Oracle (Chrono Boost)  
  36  3:33  Probe  
  38  3:37  Pylon  
  38  3:45  Probe  
  38  3:48  Twilight Council  
  39  3:57  Probe  
  40  4:08  Gateway  
  40  4:09  Shield Battery, Probe  
  41  4:19  Blink (Chrono Boost)  
  41  4:23  Probe (Chrono Boost)  
  42  4:28  Probe (Chrono Boost)  
  42  4:30  Stalker  
  45  4:37  Stalker  
  48  4:38  Probe (Chrono Boost)  
  48  4:39  Probe (Chrono Boost)  
  48  4:45  Probe  
  50  4:51  Probe  
  51  5:01  Probe  
  51  5:02  Stalker x2  
  51  5:03  Probe  
  57  5:08  Pylon  
  57  5:10  Stalker  
  57  5:13  Probe  
  60  5:18  Probe  
  60  5:19  Pylon  
  61  5:26  Stalker x2  
  61  5:27  Probe  
  66  5:33  Probe  
  68  5:44  Nexus  
  68  5:48  Stalker  
  69  5:52  Stalker  
  69  5:55  Probe x2  
  73  5:57  Assimilator  
  73  6:11  Robotics Facility, Probe  
  70  6:13  Probe  
  67  6:18  Stalker  
  67  6:19  Stalker  
  67  6:23  Stalker  
  67  6:25  Probe  
  74  6:30  Pylon  
  74  6:32  Gateway  
  74  6:34  Gateway  
  74  6:37  Pylon  
  74  6:40  Gateway  
  74  6:43  Stalker  
  74  6:45  Stalker  
  78  6:49  Pylon  
  78  6:52  Probe x2 (Chrono Boost)  
  80  6:57  Stalker  
  80  6:58  Probe (Chrono Boost)  
  80  7:00  Observer  
  84  7:04  Probe (Chrono Boost)  
  84  7:06  Probe (Chrono Boost)  
  87  7:08  Stalker  
  87  7:10  Stalker, Probe (Chrono Boost)  
  87  7:13  Probe x2 (Chrono Boost)  
  93  7:16  Probe (Chrono Boost)  
  93  7:19  Shield Battery  
  93  7:21  Probe  
  93  7:22  Observer, Forge  
  95  7:24  Probe  
  95  7:27  Stalker  
  95  7:29  Probe  
  99  7:31  Observer  
  99  7:32  Stalker  
  99  7:35  Stalker  
  103  7:37  Probe  
  103  7:41  Stalker x2  
  108  7:47  Pylon  
  108  7:50  Probe  
  109  7:56  Nexus  
  109  8:04  Charge, Pylon  
  109  8:07  Stalker  
  109  8:10  Shield Battery, Probe  
  109  8:11  Probe  
  113  8:13  Stalker  
  113  8:15  Assimilator  
  113  8:17  Assimilator  
  115  8:20  Stalker  
  115  8:26  Stalker  
  115  8:27  Zealot x2  
  115  8:31  Gateway  
  118  8:34  Gateway  
  118  8:38  Nexus  
  115  8:52  Zealot, Stalker x3  
  115  8:54  Gateway  
  115  8:55  Gateway  
  123  8:56  Pylon  
  123  8:59  Zealot  
  125  9:03  Pylon  
  125  9:07  Gateway  
  125  9:14  Dark Shrine  
  125  9:15  Observer, Zealot x2  
  130  9:20  Zealot  
  130  9:22  Zealot  
  128  9:25  Zealot  
  128  9:26  Zealot  
  128  9:30  Zealot x2  
  118  9:35  Zealot x2  
  108  9:41  Stalker  
Tags
 
Add a new tag
Caveats
  • Supply blocks, unpowered buildings, or Contaminate may cause inaccurate times.
  • Supply counts are checked every 10 seconds.